 Dungeon Crawl Stone Soup version 0.30.1-9-gdf580d7c3d (webtiles) character file.

Game seed: 18039527353688002265

1402 CaptainMV the Chiller (level 8, -1/56 (61) HPs)
             Began as a Yellow Draconian Ice Elementalist on Oct 2, 2023.
             Was an Initiate of Gozag.
             Slain by a wight
             ... wielding a +4 dire flail of freezing
              (3 damage)
             ... on level 6 of the Dungeon.
             The game lasted 00:26:09 (3028 turns).

CaptainMV the Chiller (DrIE)                        Turns: 3028, Time: 00:26:11

HP:   -1/56 (61)    AC:  9    Str: 11    XL:     8   Next: 42%
MP:   16/16         EV: 12    Int: 17    God:    Gozag
Gold: 163           SH:  0    Dex: 12    Spells: 14/18 levels left

rFire   . . .        a - +2 dagger (elec)
rCold   . . .        (no shield)
rNeg    . . .        (body armour unavailable)
rPois   .            (helmet restricted)
rElec   .            (no cloak)
rCorr   +            d - +2 pair of gloves
SInv    .            (no boots)
Will    .....        (no amulet)
Stlth   ++           (no ring)
HPRegen 0.29/turn    (no ring)
MPRegen 0.15/turn

%: no passive effects
@: short of breath, drained
A: spit acid, AC +6, unfitting armour, cold-blooded, acid resistance
a: Breathe Acid, Renounce Religion, Potion Petition, Call Merchant, Bribe Branch


You were on level 6 of the Dungeon.
You worshipped Gozag.
Gozag was aware of your devotion.
You visited 1 branch of the dungeon, and saw 6 of its levels.

You collected 254 gold pieces.
You paid 91 gold pieces to Gozag.

Inventory:

Hand Weapons
 a - a +2 dagger of electrocution (weapon)
 k - a +0 war axe
Missiles
 i - 2 datura-tipped darts
 u - 7 poisoned darts
Armour
 d - a +2 pair of gloves (worn)
Magical Staves
 b - a staff of air
Jewellery
 h - a ring of willpower
 n - a ring of willpower
 o - an amulet of faith
 t - a ring of protection from fire
Wands
 f - a wand of roots (10)
 s - a wand of digging (1)
Scrolls
 m - a scroll of immolation
 p - a scroll of enchant weapon
 w - a scroll of fog
Potions
 c - 4 potions of brilliance
 e - 2 potions of attraction
 g - 5 potions of magic
 j - a potion of flight
 l - 2 potions of ambrosia
 q - a potion of degeneration
 r - 2 potions of heal wounds
 v - a potion of curing


   Skills:
 + Level 1.9 Fighting
 + Level 3.3 Short Blades
 + Level 1.6 Axes
 + Level 3.0 Dodging
 + Level 3.2 Stealth
 + Level 0.6 Unarmed Combat
 + Level 5.7 Spellcasting
 + Level 7.1 Ice Magic


You had 14 spell levels left.
You knew the following spells:

 Your Spells              Type           Power      Damage    Failure   Level
a - Freeze                Ice            100%       1d10      1%          1
b - Frozen Ramparts       Ice            58%        1d9       1%          3

Your spell library contained the following spells:

 Spells                   Type           Power      Damage    Failure   Level
 Ozocubu's Armour         Ice            29%        N/A       1%          3
 Blink                    Tloc           8%         N/A       21%         2
 Lesser Beckoning         Tloc           8%         N/A       21%         2
 Momentum Strike          Conj/Tloc      8%         3d8       21%         2
 Summon Ice Beast         Ice/Summ       17%        N/A       30%         4


Dungeon Overview and Level Annotations

Branches:
Dungeon (6/15)
 Temple: D:4-7

Altars:
Gozag
Nemelex Xobeh
Okawaru
Qazlal
Sif Muna


Innate Abilities, Weirdness & Mutations

You can spit globs of acid.
Your golden yellow scales are hard. (AC +6)
You cannot fit into any form of body armour.
You are cold-blooded and may be slowed by cold attacks.
You are resistant to acid. (rCorr)


Message History

The iguana is almost dead.
The wall freezes the iguana!
You kill the iguana!
Your Dodging skill increases to level 3!
Unknown command.
The frozen ramparts melt away as you move.
There is an open door here.
You now have 163 gold pieces (gained 6).
There is an open door here.
You have got your breath back.
You open the door.
Found a stone staircase leading down.
There is an open door here.
There is an open door here.
You open the door.
You hear the slow hiss of a distant avalanche of sand.
Magic restored.
A wight comes into view.
It is wielding a +4 dire flail of freezing.
A wight comes into view. It is wielding a +2 dagger.
There are no items here.
Press: ? - help, Shift-Dir - straight line, f - wight
Aim: a wight, wielding a +4 dire flail of freezing and wearing a +0 robe (64% to hit)
You spit a glob of acid.
The glob of acid misses the wight.
The wight hits you with a +4 dire flail of freezing.
You feel drained. The wight freezes you.
You closely miss the wight.
You tail-slap the wight, but do no damage.
The wight hits you with a +4 dire flail of freezing!
You feel drained. The wight freezes you.
* * * LOW HITPOINT WARNING * * *
You hit the wight.
The wight is lightly damaged.
The wight barely misses you.
You hit the wight but do no damage.
The wight is lightly damaged.
The wight hits you with a +4 dire flail of freezing!
* * * LOW HITPOINT WARNING * * *
You feel drained.
You die...
Your body crumbles into a pile of gold.

#. #. #.## ..#
######.#
###......####
............#######
z.........z.......#
####....##@#######
#.....##.# #
#..#.###.# ###
#.##..#.# #.# #'#
#.......###.# #.#
####........# #.#
#.######## #.## #.#
...## #.#


You could see a wight.

Vanquished Creatures
  Menkaure (D:4)
  Edmund (D:6)
  2 ogres (D:5)
  A phantom (D:4)
  A kobold brigand (D:6)
  2 scorpions (D:5)
  2 jellies (D:5)
  An orc priest (D:4)
  6 hounds
  2 sleepcaps (D:5)
  4 iguanas
  An orc wizard (D:2)
  Robin (D:2)
  4 gnolls (D:4)
  12 adders
  A white imp (D:6)
  2 worms (D:2)
  3 dart slugs
  8 orcs
  11 ball pythons
  6 bats
  11 endoplasms
  3 giant cockroaches
  12 goblins
  11 hobgoblins
  6 jackals
  10 kobolds
  4 quokkas
  3 frilled lizards
  6 rats
138 creatures vanquished.

Notes
Turn   | Place    | Note
-------+----------+-------------------------------------------
     0 | D:1      | CaptainMV the Draconian Ice Elementalist began the quest
                  | for the Orb.
     0 | D:1      | Reached XP level 1. HP: 14/14 MP: 3/3
   128 | D:1      | Reached XP level 2. HP: 20/20 MP: 0/5
   668 | D:1      | Reached XP level 3. HP: 26/26 MP: 3/6
   765 | D:2      | Found a stormy altar of Qazlal.
   806 | D:2      | Learned a level 3 spell: Frozen Ramparts
   834 | D:2      | Noticed Robin
   847 | D:2      | Killed Robin
   848 | D:2      | Reached XP level 4. HP: 31/33 MP: 1/8
   945 | D:2      | Reached skill level 1 in Axes
   945 | D:2      | Reached skill level 5 in Ice Magic
  1380 | D:3      | Reached XP level 5. HP: 39/39 MP: 5/9
  2003 | D:4      | Reached XP level 6. HP: 33/46 MP: 7/11
  2060 | D:4      | Noticed Menkaure
  2064 | D:4      | Reached skill level 1 in Short Blades
  2068 | D:4      | Reached skill level 1 in Fighting
  2070 | D:4      | Killed Menkaure
  2236 | D:4      | Your scales start taking on a golden yellow colour.
  2236 | D:4      | Reached XP level 7. HP: 51/52 MP: 7/13
  2236 | D:4      | Gained mutation: You are resistant to acid. (rCorr) [Yellow
                  | Draconian growth]
  2250 | D:4      | Found an iron altar of Okawaru.
  2252 | D:4      | Found a shimmering blue altar of Sif Muna.
  2252 | D:4      | Found a sparkling altar of Nemelex Xobeh.
  2325 | D:5      | Entered Level 5 of the Dungeon
  2400 | D:5      | Reached skill level 6 in Ice Magic
  2579 | D:5      | Reached skill level 5 in Spellcasting
  2620 | D:5      | Reached XP level 8. HP: 56/59 MP: 7/15
  2787 | D:6      | Found a stormy altar of Qazlal.
  2793 | D:6      | Noticed an air elemental
  2822 | D:6      | Identified the +0 robe "Conivu" {*Corrode rF+ Dex+3}
  2859 | D:6      | Found an opulent altar of Gozag.
  2880 | D:6      | Became a worshipper of Gozag Ym Sagoz the Greedy
  2909 | D:6      | Noticed Edmund
  2928 | D:6      | Killed Edmund
  2929 | D:6      | Reached skill level 7 in Ice Magic
  3028 | D:6      | HP: 2/58 [wight/+4 dire flail of freezing (14)]
  3028 | D:6      | Slain by a wight

Illustrated notes

Levels and vault maps discovered:
D:1:      moated_graveyard_arrival, layout_basic
D:2:      layout_basic, basic_altar, uniq_robin, uniq_natasha
D:3:      layout_loops_ring, worldfamousw_hep_ancestral_shrine
D:4:      layout_basic, grunt_temple_overflow_open, uniq_menkaure
D:5:      layout_cave_pools, abandoned_shop
D:6:      layout_loops_corners, nicolae_qazlal_style_of_elements,
          grunt_gozag_statues, nicolae_ossuary_entry_catacombs,
          grunt_ministairs_4, eino_small_chamber_without_monster,
          nicolae_shop_i_like_small_books_too, bh_walls_and_bars, uniq_edmund

Skill      XL: |  1  2  3  4  5  6  7  8 |
---------------+-------------------------+-----
Dodging        | 2 3 |  3.0
Axes           | 1 |  1.6
Spellcasting   | 3 4 5 |  5.7
Ice Magic      | 5 6 7 |  7.1
Stealth        | 2 3 |  3.2
Short Blades   | 2 3 |  3.3
Fighting       | 1 |  1.9
Unarmed Combat | |  0.6

Action                     |  1- 3 |  4- 6 |  7- 9 || total
---------------------------+-------+-------+-------++-------
  Melee: Unarmed           |    44 |       |       ||    44
         Tailslap          |     7 |    12 |    11 ||    30
         Punch             |     1 |       |     1 ||     2
         War axe           |    21 |    23 |       ||    44
         Dagger            |       |    67 |    81 ||   148
   Cast: Freeze            |    39 |     6 |    15 ||    60
         Frozen Ramparts   |     2 |    24 |    16 ||    42
Ability: Breathe Acid      |       |       |     5 ||     5
    Use: Scroll            |     5 |     4 |     6 ||    15
   Stab: Sleeping          |     1 |     5 |     1 ||     7
 Armour: Skin              |    39 |    33 |    33 ||   105
  Dodge: Dodged            |    68 |    54 |    55 ||   177
